 Dungeon Crawl Stone Soup version 0.29.1-13-g9f3cf754e1 (webtiles) character file.

Game seed: 1111121811954886870

7 xian the Trooper (level 1, -1/18 HPs)
             Began as a Demonspawn Abyssal Knight on Feb 7, 2023.
             Was a Believer of Lugonu.
             Slain by a rat (2 damage)
             ... on level 1 of the Dungeon.
             The game lasted 00:00:51 (306 turns).

xian the Trooper (Demonspawn Abyssal Knight)         Turns: 306, Time: 00:00:51

Health: -1/18      AC:  3    Str: 13    XL:     1   Next: 91%
Magic:  2/2        EV: 11    Int: 11    God:    Lugonu [**....]
Gold:   12         SH:  0    Dex: 13    Spells: 0/0 levels left

rFire   . . .      SeeInvis .   a - +1 hand axe
rCold   . . .      Faith    .   (no shield)
rNeg    . . .      Spirit   .   b - +0 leather armour
rPois   .          Reflect  .   (no helmet)
rElec   .          Harm     .   (no cloak)
rCorr   .          Rampage  .   (no gloves)
Will    .....                   (no boots)
Stlth   +.........              (no amulet)
HPRegen 0.06/turn               (no ring)
MPRegen 0.08/turn               (no ring)

@: no status effects
A: no striking features
a: Renounce Religion, Depart the Abyss, Bend Space


You were on level 1 of the Dungeon.
You worshipped Lugonu.
Lugonu was pleased with you.
You visited 1 branch of the dungeon, and saw 1 of its levels.
You visited the Abyss 1 time.

You collected 12 gold pieces.

Inventory:

Hand Weapons
 a - a +1 hand axe (weapon)
Armour
 b - a +0 leather armour (worn)
Potions
 c - a potion of flight {unknown}
 d - 2 potions of attraction {unknown}


   Skills:
 + Level 3.2 Fighting
 + Level 1.7 Axes
 + Level 2.0 Armour
 + Level 1.1 Dodging
 * Level 2.6 Invocations


You couldn't memorise any spells.
You didn't know any spells.
Your spell library was empty.

Dungeon Overview and Level Annotations

Branches:
Dungeon (1/15)

Altars:


Message History

You hit the jackal.
The jackal is heavily wounded.
The jackal misses you.
You closely miss the jackal.
The jackal is moderately wounded.
The jackal bites you. x2
* * * LOW HITPOINT WARNING * * *
You closely miss the jackal.
The jackal is moderately wounded.
The jackal closely misses you.
The jackal bites you but does no damage.
You hit the jackal.
You kill the jackal!
Lugonu accepts your kill.
Your Dodging skill increases to level 1!
You hit the jackal.
You kill the jackal!
Lugonu accepts your kill. The jackal completely misses you.
You hit the jackal.
The jackal is severely wounded.
You hit the jackal. The jackal closely misses you. The jackal bites you.
* * * LOW HITPOINT WARNING * * *
The jackal bites you but does no damage. x2
You barely miss the jackal.
The jackal is severely wounded.
You hit the jackal.
You kill the jackal!
Lugonu accepts your kill. The jackal barely misses you.
You hit the jackal.
You kill the jackal!
Lugonu accepts your kill.
Your Armour skill increases to level 2!
You closely miss the rat. The rat bites you.
* * * LOW HITPOINT WARNING * * *
Unknown command.
You barely miss the rat. The rat bites you but does no damage.
The rat bites you.
You die...

###########
#..........
#.########.
#########.######
#.
#.@r......†....#
#.
#.######...###.#
#. #. #.....# #.
#. #.......# #.
.. #.......... #†
.# ..........#.#
#. #.
.####.....##.###.
.. ##....##.....
#####.


You could see a rat.

Vanquished Creatures
  4 jackals (D:1)
  A ball python (D:1)
  A kobold (D:1)
  A rat (D:1)
7 creatures vanquished.

Notes
Turn   | Place    | Note
-------+----------+-------------------------------------------
     0 | Abyss:1  | xian the Demonspawn Abyssal Knight began the quest for the
                  | Orb.
     0 | Abyss:1  | Reached XP level 1. HP: 18/18 MP: 2/2
     2 | Abyss:1  | Found a corrupted altar of Lugonu.
   169 | Abyss:1  | Noticed a freezing wraith
   171 | Abyss:1  | Noticed an ancient zyme
   171 | Abyss:1  | Noticed an ancient zyme
   172 | D:1      | Escaped the Abyss
   301 | D:1      | Reached skill level 1 in Dodging
   306 | D:1      | Slain by a rat

Illustrated notes

Levels and vault maps discovered:
D:1:      ncdulo_halloftheorcs, layout_loops_ring, minmay_misc_feat_tiny

Skill      XL: |  1 |
---------------+----+-----
Dodging        | 1 |  1.1
Armour         | 2 |  2.0
Fighting       | |  3.2
Axes           | |  1.7
Invocations    | |  2.6

Action                   || total
-------------------------++-------
Melee: Hand axe          ||    14
Invok: Depart the Abyss  ||     1
Armor: Leather armour    ||    10
Dodge: Dodged            ||    10
